[Event "Early-Titled-Tuesday-Blitz-December-26-2023"]
[Site "Chess.com"]
[Date "2023.12.26"]
[Round "10"]
[White "BogdanDeac"]
[Black "Kiborg95"]
[Result "1-0"]
[WhiteElo "3015"]
[BlackElo "2820"]
[TimeControl "180+1"]
[EndTime "9:55:39 PST"]
[Termination "BogdanDeac won by resignation"]

1. d4 d6 2. Nf3 Nf6 3. Nc3 Nbd7 4. Bf4 Nh5 5. Bd2 e5 6. e4 g6 7. dxe5 dxe5 8. Bc4 Bg7 9. Bg5 Nhf6 10. Qd2 h6 11. Bh4 c6 12. a4 Qe7 13. O-O O-O 14.
Rfd1 Nc5 15. Qe2 Ne6 16. Bxe6 Qxe6 17. Qd3 Nh5 18. Qd6 Qxd6 19. Rxd6 Bg4 20. Nd2 Be6 21. Nb3 g5 22. Bg3 Nxg3 23. hxg3 Rfd8 24. Rxd8+ Rxd8 25. Nc5 Bc8 26. a5 Bf8 27. Nd3 f6 28. Nd1 Rd4 29.
f3 c5 30. b3 c4 31. bxc4 Rxc4 32. Ne3 Rc6 33. Rb1 Kf7 34. c4 Bc5 35. Nxc5 Rxc5 36.
Ra1 Be6 37. Kf2 Ke7 38. Rb1 Bc8 39. Ra1 Kd6 40. Ke2 Rc7 41. Kd3 Kc5 42. Nd5 f5 43.
Nxc7 1-0

[Event "Early-Titled-Tuesday-Blitz-December-26-2023"]
[Site "Chess.com"]
[Date "2023.12.26"]
[Round "10"]
[White "Alex_Sahakyan2006"]
[Black "Statham_l3"]
[Result "1-0"]
[WhiteElo "2719"]
[BlackElo "2577"]
[TimeControl "180+1"]
[EndTime "9:55:39 PST"]
[Termination "Alex_Sahakyan2006 won by resignation"]

1. e4 e5 2. Nf3 Nc6 3. Nc3 Nf6 4. Nxe5 Nxe5 5. d4 Ng6 6. e5 Ng8 7. Bc4 d5 8. Bxd5 c6 9. Bb3 Be6 10. h4 h5 11. Bg5 Be7 12. Bxe6 Bxg5 13. Bxf7+ Kxf7 14. hxg5 Qxg5 15. Ne4 Qxg2 16. Nd6+ Ke7 17. Rf1 Nf4 18. Qd2 Qf3 19. Rg1 Kf8 20. a4 Nh6 21. Ra3 Ng2+ 22. Kf1 Qf4 23. Qxf4+ Nxf4 24. Rf3 Ng4 25.
Rxf4+ Ke7 26. Rf7+ Ke6 27. f3 Raf8 28. Rxf8 Rxf8 29. Ke2 Nh2 30. c4 Nxf3 31. Rg6+ Ke7 32.
Rxg7+ Ke6 33. Ke3 c5 34. Rg6+ Ke7 35. Ke4 Nxd4 36. Kd5 Nc6 37. Rg7+ Kd8 38. Nxb7+ Kc8 39. Kxc6 Kb8 40. Nd6 h4 41. e6 a5 42. e7 1-0

[Event "Early-Titled-Tuesday-Blitz-December-26-2023"]
[Site "Chess.com"]
[Date "2023.12.26"]
[Round "10"]
[White "Ducke13"]
[Black "LuisFSiles"]
[Result "0-1"]
[WhiteElo "2378"]
[BlackElo "2289"]
[TimeControl "180+1"]
[EndTime "9:55:39 PST"]
[Termination "LuisFSiles won by checkmate"]

1. d4 Nf6 2. g3 c5 3. d5 e6 4. c4 exd5 5. cxd5 d6 6. Nc3 g6 7. Nf3 Bg7 8. Bg2 O-O 9. O-O a6 10. a4 Re8 11. Re1 Ne4 12. Nxe4 Rxe4 13. Qc2 Bf5 14. Bh3 Re5 15. Bxf5 Rxf5 16. g4 Rxf3 17. exf3 Nd7 18. f4 Qh4 19. Qd1 Nf6 20. f3 Nxd5 21. Bd2 Bd4+ 22. Kh1 h5 23. Re4 Nf6 24. Qe1 Bf2 25. Qe2 hxg4 26. Rg1 g3 27. Rxg3 Bxg3 28. Re7 Kf8 29. Rxb7 Re8 30. Qg2 Be1 31.
Bc1 Bb4 32. f5 Re1+ 33. Qg1 Qf2 34. Be3 Rxg1# 0-1

[Event "Early-Titled-Tuesday-Blitz-December-26-2023"]
[Site "Chess.com"]
[Date "2023.12.26"]
[Round "10"]
[White "Shuvalov"]
[Black "SergioMoralesG"]
[Result "1-0"]
[WhiteElo "2526"]
[BlackElo "2392"]
[TimeControl "180+1"]
[EndTime "9:55:40 PST"]
[Termination "Shuvalov won by checkmate"]

1. d4 d5 2. c4 c6 3. Nc3 Nf6 4.
e3 e6 5. Nf3 Nbd7 6. Be2 dxc4 7.
a4 Bb4 8. O-O O-O 9. Bxc4 Qe7 10. Qe2 c5 11. Na2 cxd4 12. Nxb4 Qxb4 13. exd4 Nb6 14. Bd3 h6 15. Ra3 Bd7 16. Ne5 Rad8 17. Bb1 Bc6 18. Rg3 Kh8 19. Bxh6 gxh6 20. Qe3 Ng8 21.
Rh3 Kg7 22. Rg3+ Kh8 23. Qf4 Qxd4 24. Nxf7+ Rxf7 25. Qxf7 Be4 26. Bxe4 Qxe4 27. Qg7# 1-0

[Event "Early-Titled-Tuesday-Blitz-December-26-2023"]
[Site "Chess.com"]
[Date "2023.12.26"]
[Round "10"]
[White "sokidze"]
[Black "Iskusnyh"]
[Result "0-1"]
[WhiteElo "2757"]
[BlackElo "2643"]
[TimeControl "180+1"]
[EndTime "9:55:41 PST"]
[Termination "Iskusnyh won on time"]

1. d4 d5 2. Nc3 Nf6 3. Bf4 c5 4. e4 Nxe4 5. Nxe4 dxe4 6. dxc5 Qa5+ 7. c3 Qxc5 8. Qa4+ Nc6 9. Qxe4 g6 10. Nf3 Bg7 11. Rd1 O-O 12. Be3 Qa5 13. Bc4 Bf5 14.
Qh4 Rac8 15. Rd5 Bxc3+ 16. bxc3 Qxc3+ 17. Bd2 Qa1+ 18. Ke2 Qxh1 19. Ng5 h5 20. Rxf5 e6 21. Rf4 Ne5 22. Bb3 Rfd8 23. Ne4 Nd3 0-1

[Event "Early-Titled-Tuesday-Blitz-December-26-2023"]
[Site "Chess.com"]
[Date "2023.12.26"]
[Round "10"]
[White "prime-morty"]
[Black "adapodadei"]
[Result "0-1"]
[WhiteElo "2529"]
[BlackElo "2739"]
[TimeControl "180+1"]
[EndTime "9:55:43 PST"]
[Termination "adapodadei won by resignation"]

1. c4 Nf6 2. Nc3 g6 3. e4 d6 4. g3 c5 5. Bg2 Nc6 6. a3 Bg7 7. Rb1 Bg4 8. Nge2 O-O 9. f3 Bd7 10. b4 b6 11. O-O Ne8 12. d3 Nc7 13. f4 Ne6 14. b5 Ncd4 15. f5 Nxe2+ 16. Nxe2 Nd4 17.
Bb2 e6 18. Nxd4 cxd4 19. g4 Be5 20. Qe1 a6 21. bxa6 Rxa6 22. Qf2 Qc7 23. f6 d5 24. Qh4 dxc4 25. Qh6 Bxf6 26. Rxf6 c3 27.
Bc1 c2 28. Rb3 e5 29. Qd2 Be6 30. Rb2 Rc8 31. Rf2 Rxa3 32. Rxc2 Rc3 33. Rxc3 dxc3 34.
Qc2 b5 35. Ba3 Qa5 36. Qc1 b4 37. Bb2 cxb2 38. Qxb2 Rc3 39. Rc2 Qc5+ 40. Rf2 b3 41. Bf1 Rc2 0-1

[Event "Early-Titled-Tuesday-Blitz-December-26-2023"]
[Site "Chess.com"]
[Date "2023.12.26"]
[Round "10"]
[White "ural58"]
[Black "ProfessorChess101"]
[Result "0-1"]
[WhiteElo "2488"]
[BlackElo "2605"]
[TimeControl "180+1"]
[EndTime "9:55:43 PST"]
[Termination "ProfessorChess101 won on time"]

1. e4 c5 2. b3 Nf6 3. e5 Nd5 4.
Nc3 Nxc3 5. dxc3 Nc6 6. Nf3 d5 7.
exd6 e5 8. Bb5 Bxd6 9. Bxc6+ bxc6 10. O-O O-O 11. Re1 Qf6 12. h3 Bf5 13. Ba3 e4 14.
Nh2 Rad8 15. Ng4 Qxc3 16. Qe2 Bg6 17. Qe3 Qxe3 18. Nxe3 f5 19. Rad1 Be7 20. g3 h5 21.
h4 f4 22. gxf4 Rxd1 23. Rxd1 Rxf4 24. Rd7 Bxh4 25. Nd1 Bf5 26. Rxa7 Bg4 27. Ra8+ Kh7 28. Nc3 Bxf2+ 29. Kg2 e3 30. Re8 Bf3+ 31. Kf1 Rg4 0-1

[Event "Early-Titled-Tuesday-Blitz-December-26-2023"]
[Site "Chess.com"]
[Date "2023.12.26"]
[Round "10"]
[White "PolinaYanch"]
[Black "maurovargas01"]
[Result "1-0"]
[WhiteElo "1768"]
[BlackElo "1846"]
[TimeControl "180+1"]
[EndTime "9:55:44 PST"]
[Termination "PolinaYanch won by checkmate"]

1. d4 d5 2. c4 e6 3. Nf3 Nf6 4. g3 c6 5. Bg2 Bd6 6. O-O O-O 7. Nbd2 Nbd7 8. Qc2 dxc4 9. Nxc4 Bc7 10. e4 e5 11.
Bg5 h6 12. Be3 Re8 13. dxe5 Nxe5 14. Rad1 Qe7 15. Ncxe5 Bxe5 16. Bc5 Qe6 17. Nxe5 Qxe5 18. f4 Qh5 19. e5 Ng4 20. Bf3 b6 21. Bd6 Bf5 22. Qe2 Qg6 23. Bxc6 Rad8 24. Bxe8 Rxe8 25. h3 Nf6 26. g4 Bc8 27. Qb5 Bd7 28. Qd3 Nxg4 29.
hxg4 Qxg4+ 30. Kf2 Bc6 31. Qg3 Qf5 32. Rg1 Qc2+ 33.
Ke1 Qe4+ 34. Kf2 Qc2+ 35. Ke1 Qe4+ 36. Kd2 Qb4+ 37. Bxb4 Rd8+ 38. Kc1 Rc8 39. Qxg7# 1-0

[Event "Early-Titled-Tuesday-Blitz-December-26-2023"]
[Site "Chess.com"]
[Date "2023.12.26"]
[Round "10"]
[White "MetiForce"]
[Black "GeorgMeier"]
[Result "0-1"]
[WhiteElo "2884"]
[BlackElo "3044"]
[TimeControl "180+1"]
[EndTime "9:55:47 PST"]
[Termination "GeorgMeier won on time"]

1. b3 d5 2. Bb2 Nf6 3. e3 c5 4.
f4 Nc6 5. Nf3 Bf5 6. Bb5 Rc8 7.
O-O a6 8. Bxc6+ Rxc6 9. d3 Rc8 10. Nbd2 e6 11. Qe1 Be7 12. e4 Bg6 13. Ne5 c4 14.
bxc4 Qb6+ 15. Kh1 Qxb2 16. Rb1 Qxc2 17. f5 O-O 18. fxg6 hxg6 19. Rxb7 Bd6 20. exd5 Bxe5 21. dxe6 Rc7 22. exf7+ Rcxf7 23. Rxf7 Rxf7 24. Nf3 Bf4 25.
Qe6 Qxd3 26. Re1 Qf5 27. Qxa6 Rc7 28. h3 Qc8 29. Qb5 Rc5 30. Qb3 Kh7 31. Nd4 Rxc4 32. Ne6 Rc1 0-1

[Event "Early-Titled-Tuesday-Blitz-December-26-2023"]
[Site "Chess.com"]
[Date "2023.12.26"]
[Round "10"]
[White "MightyGMpretender"]
[Black "Zhigalko_Sergei"]
[Result "0-1"]
[WhiteElo "2759"]
[BlackElo "2909"]
[TimeControl "180+1"]
[EndTime "9:55:47 PST"]
[Termination "Zhigalko_Sergei won by resignation"]

1. Nf3 d5 2. g3 c6 3. Bg2 Bg4 4. h3 Bh5 5. O-O e6 6. c4 Nf6 7.
Qb3 Qb6 8. d3 Nbd7 9. Be3 Qa6 10. cxd5 Nxd5 11. Bd2 Be7 12. Nc3 O-O 13. Rfc1 Rfd8 14. a3 h6 15. Rab1 Rac8 16. Qd1 N7f6 17. Qe1 Nxc3 18. Bxc3 Nd5 19. Bd2 Bf6 20. Rc4 c5 21. Nh2 b5 22. Rcc1 c4 23. dxc4 bxc4 24. Ng4 Be7 25. Bf3 Bg6 26. Ra1 Qb5 27. Ne5 Bh7 28. e4 Nb6 29. Bc3 Na4 30. Ng4 Bc5 31. Be5 h5 32. Nh2 Bxf2+ 33. Qxf2 Qxe5 34. Rc2 c3 35.
bxc3 Rxc3 36. Rxc3 Nxc3 37. Rf1 Bg6 38. Re1 a5 39. Qb6 Qxg3+ 40. Bg2 Qxe1+ 41. Nf1 Ne2+ 42. Kh2 Rf8 43. Qxa5 Qxa5 0-1

[Event "Early-Titled-Tuesday-Blitz-December-26-2023"]
[Site "Chess.com"]
[Date "2023.12.26"]
[Round "10"]
[White "tantaan"]
[Black "MrrRefrao"]
[Result "1-0"]
[WhiteElo "2490"]
[BlackElo "2540"]
[TimeControl "180+1"]
[EndTime "9:55:47 PST"]
[Termination "tantaan won on time"]

1. e4 c6 2. d4 d5 3. f3 e6 4. Nc3 Nf6 5. e5 Nfd7 6. f4 c5 7. Nf3 Nc6 8. Ne2 cxd4 9. Nexd4 Be7 10. c3 O-O 11. Bd3 Nc5 12. Bc2 f6 13. O-O Bd7 14. Qe2 Rc8 15. b4 Nxd4 16. Nxd4 Ne4 17. Bxe4 dxe4 18.
Qxe4 Rxc3 19. Bb2 Rc4 20. Qe2 Rxb4 21. a3 Rb6 22. Rad1 Qe8 23. Kh1 fxe5 24. fxe5 Qg6 25. Bc3 Ra6 26. Rxf8+ Bxf8 27. Rf1 Bxa3 28. Qf3 Bc6 29.
Nxc6 Rxc6 30. Bd4 Be7 31. Bxa7 h6 32. Bb8 Rc2 33. Bd6 Bg5 34. Qxb7 Kh7 35. h3 Rc1 36.
Rxc1 Bxc1 37. Qf3 Qg5 38. Qf7 Bf4 39. Qxe6 h5 40. Qb3 1-0

[Event "Early-Titled-Tuesday-Blitz-December-26-2023"]
[Site "Chess.com"]
[Date "2023.12.26"]
[Round "10"]
[White "noblerone"]
[Black "KVAIDAN"]
[Result "1-0"]
[WhiteElo "2516"]
[BlackElo "2352"]
[TimeControl "180+1"]
[EndTime "9:55:47 PST"]
[Termination "noblerone won by checkmate"]

1. d4 e6 2. Nf3 f5 3. Bf4 Nf6 4. e3 Be7 5. Be2 O-O 6. h3 b6 7. O-O Bb7 8. c4 Ne4 9. Nc3 Qe8 10. Rc1 d6 11. Bh2 Nd7 12. b4 Qg6 13. c5 bxc5 14. bxc5 Nxc3 15. Rxc3 Rac8 16. c6 Bxc6 17. Rxc6 Nf6 18. Qc2 Nd5 19. a3 Qe8 20. Rb1 Rb8 21. Rxb8 Qxb8 22. Bc4 Bd8 23. Qb3 Nb6 24. Bxe6+ Kh8 25.
Bf4 Qb7 26. Rc1 Qa6 27. Bg5 Qe2 28. Bxd8 Rxd8 29. Bxf5 c5 30. Bd3 c4 31. Bxe2 cxb3 32. Rb1 Rc8 33. Rxb3 Rc1+ 34. Kh2 Rc2 35. Ng1 g6 36. e4 Kg7 37. Kg3 Kf6 38. Bf3 h5 39. h4 g5 40. hxg5+ Kxg5 41. Nh3+ Kf6 42. Bxh5 Rd2 43. d5 Nc4 44. Bf3 Ra2 45. Kh4 Nxa3 46. g4 Nc4 47. g5+ Ke5 48. g6 Kf6 49. Bh5 Nd2 50. Rb7 Nxe4 51. Rf7+ Ke5 52. g7 Ra4 53. f4+ Kd4 54. g8=Q a5 55. Qg1+ Kc4 56. Re7 Nc5 57. Be2+ Kc3 58. Qc1+ Kb4 59. Qc4+ Ka3 60. Qc3+ Ka2 61.
Bc4+ Kb1 62. Re1# 1-0

[Event "Early-Titled-Tuesday-Blitz-December-26-2023"]
[Site "Chess.com"]
[Date "2023.12.26"]
[Round "10"]
[White "Hoshka"]
[Black "hsd2016"]
[Result "1-0"]
[WhiteElo "2058"]
[BlackElo "2237"]
[TimeControl "180+1"]
[EndTime "9:55:53 PST"]
[Termination "Hoshka won by resignation"]

1. d4 d5 2. c4 c6 3. Nf3 Nf6 4.
Nc3 dxc4 5. a4 Bf5 6. e3 e6 7. Bxc4 Bb4 8. O-O O-O 9. Qb3 a5 10. Na2 Be4 11. Nxb4 Bxf3 12. gxf3 axb4 13. Qxb4 Nd5 14. Qxb7 Nd7 15. f4 N7f6 16. Be2 Ne4 17. Bf3 Nd6 18. Qxc6 Rc8 19. Qa6 Nb4 20. Qe2 Rc2 21.
Qd1 Qh4 22. Bd2 Rxb2 23. Bc3 Nc4 24. Bxb2 Nxb2 25. Qe2 N2d3 26. Rfd1 g5 27. Rxd3 Nxd3 28. Qxd3 gxf4 29. e4 Kh8 30. Kf1 Qxh2 31. Ke2 Rb8 32.
Qd2 Qh6 33. a5 e5 34. a6 exd4 35. a7 Ra8 36. Qxd4+ f6 37. e5 1-0

[Event "Early-Titled-Tuesday-Blitz-December-26-2023"]
[Site "Chess.com"]
[Date "2023.12.26"]
[Round "10"]
[White "severomorskij"]
[Black "Magila31"]
[Result "1-0"]
[WhiteElo "2874"]
[BlackElo "2396"]
[TimeControl "180+1"]
[EndTime "9:55:56 PST"]
[Termination "severomorskij won by resignation"]

1. d4 Nf6 2. c4 g6 3. Nc3 Bg7 4.
Nf3 O-O 5. Bg5 d6 6. e3 c5 7.
d5 b5 8. cxb5 a6 9. a4 Qa5 10.
Nd2 Qb4 11. Ra3 axb5 12. Bxb5 Ba6 13. Rb3 Qa5 14. Nc4 Qc7 15. O-O Nbd7 16. Bxd7 Bxc4 17. Bb5 Bxf1 18. Qxf1 h6 19. Bh4 g5 20. Bg3 Nh5 21. Qe2 Nxg3 22. hxg3 Rfb8 23. Qc4 Qc8 24. g4 Ra7 25. g3 e6 26. Qe4 Bxc3 27. Rxc3 exd5 28. Qxd5 Qe6 29. Rd3 Rb6 30. Qf3 Rb8 31. b3 Rd8 32. Bc4 Qe5 33. Rd5 Qg7 34. Kg2 Re7 35. a5 Re5 36. a6 Rd7 37. Bb5 Rd8 38. a7 Qf8 39. Bc6 Ra8 40. Rxe5 Rxa7 41. Re8 1-0

[Event "Early-Titled-Tuesday-Blitz-December-26-2023"]
[Site "Chess.com"]
[Date "2023.12.26"]
[Round "10"]
[White "AndresDelgado77"]
[Black "ChessBliss09"]
[Result "0-1"]
[WhiteElo "2288"]
[BlackElo "2101"]
[TimeControl "180+1"]
[EndTime "9:55:57 PST"]
[Termination "ChessBliss09 won on time"]

1. e4 e6 2. d4 d5 3. e5 c5 4. c3 Nc6 5. Nf3 Qb6 6. Bd3 Bd7 7.
dxc5 Bxc5 8. O-O a5 9. a3 a4 10. Bc2 Nge7 11. Nbd2 Ng6 12. c4 O-O 13. Bxg6 hxg6 14.
Qe2 Na5 15. Ng5 Be7 16. h4 Nxc4 17. Nxc4 dxc4 18. Qxc4 Bb5 19. Be3 Bxc4 20. Bxb6 Bxf1 21. Kxf1 Bxg5 22. hxg5 Rfc8 23. Rd1 Rc2 24. Bd4 Rd8 25. Ke1 Rd5 26. g3 b5 27. f4 Rc4 28. Bc3 Rxd1+ 29. Kxd1 Kf8 30. Ke2 Ke7 31. Kf3 Kd7 32. g4 Kc6 33. f5 gxf5 34. gxf5 exf5 35. e6 fxe6 36. Bxg7 Kd5 37. Bf6 Rg4 38. Ke3 Kc4 0-1

[Event "Early-Titled-Tuesday-Blitz-December-26-2023"]
[Site "Chess.com"]
[Date "2023.12.26"]
[Round "10"]
[White "CFalcons8"]
[Black "LileKoridze"]
[Result "0-1"]
[WhiteElo "2227"]
[BlackElo "2386"]
[TimeControl "180+1"]
[EndTime "9:55:59 PST"]
[Termination "LileKoridze won by resignation"]

1. d4 Nf6 2. Nf3 d5 3. c4 e6 4. g3 Bb4+ 5. Bd2 Be7 6. Bg2 O-O 7. Qc2 c6 8. b3 b6 9. Nc3 Bb7 10. O-O Nbd7 11. e4 dxe4 12. Nxe4 Nxe4 13. Qxe4 Nf6 14. Qe2 Qc8 15. Bc3 Rd8 16. Rac1 c5 17. Rfd1 cxd4 18. Bxd4 Bc6 19. Bc3 Qb7 20. Rxd8+ Rxd8 21. Rd1 h6 22. Rxd8+ Bxd8 23. Qd3 Be7 24. Ne1 Bxg2 25. Nxg2 Qa6 26. a4 Qb7 27. f3 Nd7 28. b4 a5 29. bxa5 bxa5 30. Nf4 Nc5 31. Qe3 Nxa4 32. Bd4 Qb1+ 33. Kg2 Qc2+ 34. Kh3 Qxc4 35. Nh5 Bf8 36. Qe5 Qd5 37.
Qxd5 exd5 38. Nf4 Bc5 39. Bxc5 Nxc5 40. Nxd5 Kf8 41. Kg4 a4 42. Nb4 Ke7 43. Kf4 Kd6 44. Ke3 Ke5 45. f4+ Kd6 46. Kd4 a3 47. Kc4 Na6 48. Na2 Ke6 49. Kb3 Kf5 50. Nc3 Kg4 51. Ne4 Kh3 52. Nd6 Kxh2 53. Nxf7 Kxg3 54. f5 Kf4 55.
Nxh6 gxh6 56. f6 Nc5+ 57. Kxa3 Ne6 58. Kb3 Kf5 59. Kc2 Kxf6 60. Kd1 Kg5 61. Ke2 Kg4 62. Kf1 h5 63. Kg1 h4 64. Kh2 Ng5 65. Kh1 Kg3 66.
Kg1 Ne4 67. Kh1 h3 0-1

[Event "Early-Titled-Tuesday-Blitz-December-26-2023"]
[Site "Chess.com"]
[Date "2023.12.26"]
[Round "10"]
[White "LUISMIGUELOV"]
[Black "jlmanzanares"]
[Result "1-0"]
[WhiteElo "2195"]
[BlackElo "2008"]
[TimeControl "180+1"]
[EndTime "9:55:59 PST"]
[Termination "LUISMIGUELOV won by resignation"]

1. e4 e6 2. b3 d5 3. Bb2 dxe4 4.
Nc3 Nf6 5. g4 h6 6. Bg2 c6 7.
Qe2 Be7 8. O-O-O Nbd7 9. Nxe4 Nxe4 10. Bxe4 Bf6 11. d4 O-O 12. f4 a5 13. a4 b5 14. Bxc6 Rb8 15. axb5 a4 16. bxa4 Qa5 17. Qc4 Nb6 18. Qb3 Nxa4 19. Qa3 Bb7 20. Ne2 Bxc6 21.
bxc6 Rxb2 22. Rd3 Rfb8 23. Nc3 Bxd4 24. Rxd4 Qxc3 25. Qxc3 Nxc3 26. c7 Rb1+ 27. Kd2 Rc8 28. Rd8+ Kh7 29. Rxc8 Ne4+ 30. Ke3 Rxh1 31. Rh8+ Kxh8 32.
c8=Q+ Kh7 33. Kxe4 Rxh2 34. c4 Rg2 35. Kf3 Rg1 36.
f5 exf5 37. gxf5 Rf1+ 38. Kg2 Rc1 39. c5 h5 40. c6 g5 41. fxg6+ fxg6 42. c7 g5 43. Qd7+ Kh6 44. c8=Q Rxc8 45. Qxc8 1-0

[Event "Early-Titled-Tuesday-Blitz-December-26-2023"]
[Site "Chess.com"]
[Date "2023.12.26"]
[Round "10"]
[White "whitemirrorninja"]
[Black "Alex_Banzea"]
[Result "0-1"]
[WhiteElo "2534"]
[BlackElo "2643"]
[TimeControl "180+1"]
[EndTime "9:56:00 PST"]
[Termination "Alex_Banzea won on time"]

1. b3 d5 2. Bb2 c6 3. Nf3 Nf6 4. e3 Bf5 5. Be2 e6 6. O-O Nbd7 7. c4 h6 8. Nc3 Bd6 9. d4 O-O 10.
Bd3 Re8 11. cxd5 Bxd3 12. Qxd3 exd5 13. Nd2 Qe7 14. Rae1 Ne4 15. Ndxe4 dxe4 16. Qc2 Nf6 17. f4 exf3 18. gxf3 Nd5 19. Ne4 Bb4 20. Re2 f5 21. Ng3 Nxe3 22. Nxf5 Qg5+ 23. Rg2 Nxg2 24. Kh1 Re1 25.
Qc4+ Kh7 26. Rxe1 Nxe1 27. Ng3 Qd2 28. Ne2 Qxb2 29. Qe6 Rf8 30. Qe4+ Kh8 31. h4 Nxf3 32.
Kg2 Nxd4 33. Qxd4 Qxe2+ 34. Kg3 Rf3+ 35. Kg4 Rd3+ 0-1

[Event "Early-Titled-Tuesday-Blitz-December-26-2023"]
[Site "Chess.com"]
[Date "2023.12.26"]
[Round "10"]
[White "SharapovEvgeny"]
[Black "Ramla2020"]
[Result "1/2-1/2"]
[WhiteElo "2555"]
[BlackElo "2465"]
[TimeControl "180+1"]
[EndTime "9:56:01 PST"]
[Termination "Game drawn by agreement"]

1. e4 e5 2. Nf3 d6 3. d4 Nd7 4.
Nc3 c6 5. a4 Be7 6. Bc4 Ngf6 7.
O-O O-O 8. Re1 h6 9. h3 Re8 10. Be3 Qc7 11. Qd2 Nf8 12. Rad1 Be6 13. Bxe6 Nxe6 14.
d5 cxd5 15. Nxd5 Nxd5 16. Qxd5 Qxc2 17. Qxb7 Qxa4 18. Ra1 Qc4 19. Rec1 Qe2 20. Re1 Qc4 21. Rec1 Qe2 22. Rxa7 Rab8 23. Qd7 Qxb2 24. Nh2 Nd4 25. Kh1 Ne2 26. Re1 Nf4 27. Ng4 Qc2 28.
Qf5 h5 29. Bxf4 exf4 30. Qxh5 Qc5 31. Qxc5 dxc5 32. Rd1 c4 33. Rdd7 c3 34. Rxe7 Rxe7 35. Rxe7 c2 36. Rc7 Rb1+ 37. Kh2 c1=Q 38. Rxc1 Rxc1 39. f3 f6 40. h4 Kf7 41. g3 Rc8 42.
gxf4 Rh8 43. Kg3 Ra8 44. f5 Ra1 1/2-1/2

[Event "Early-Titled-Tuesday-Blitz-December-26-2023"]
[Site "Chess.com"]
[Date "2023.12.26"]
[Round "10"]
[White "JimDiGrease"]
[Black "viktorskliarov"]
[Result "1-0"]
[WhiteElo "2963"]
[BlackElo "2661"]
[TimeControl "180+1"]
[EndTime "9:56:03 PST"]
[Termination "JimDiGrease won by resignation"]

1. d4 Nf6 2. c4 e6 3. Bf4 Bd6 4. Bg3 Bxg3 5. hxg3 d6 6. Nf3 Nbd7 7.
Nc3 b6 8. e4 Bb7 9. Bd3 Qe7 10.
Qe2 e5 11. d5 a5 12. O-O-O Nc5 13. Bc2 O-O-O 14. Nd2 h5 15. a3 Na6 16. f3 Rh6 17. b3 Rdh8 18. Kb2 Nd7 19. Nf1 h4 20. Ne3 g6 21. gxh4 Rxh4 22. Rxh4 Rxh4 23. Qf2 Rh5 24. Nb5 Kb8 25. Qd2 Qg5 26. Re1 Rh2 27. b4 axb4 28. axb4 Nf6 29. Kb3 Nh5 30. Qf2 Nf4 31. Qg1 Qg3 32.
Ra1 Bc8 33. Nf1 Qxg2 34. Nxh2 Qd2 35. Nc3 b5 36. cxb5 Qxc3+ 37. Kxc3 Ne2+ 38. Kd2 Nxg1 39. bxa6 1-0

[Event "Early-Titled-Tuesday-Blitz-December-26-2023"]
[Site "Chess.com"]
[Date "2023.12.26"]
[Round "10"]
[White "Fischerev7"]
[Black "Lion-Al-Messi"]
[Result "0-1"]
[WhiteElo "2414"]
[BlackElo "2618"]
[TimeControl "180+1"]
[EndTime "9:56:03 PST"]
[Termination "Lion-Al-Messi won by resignation"]

1. e4 e6 2. d4 d5 3. Nc3 Nf6 4. Bg5 dxe4 5. Nxe4 Be7 6. Bxf6 gxf6 7. Qd2 f5 8. Nc3 c6 9. Nf3 Nd7 10. g3 Nf6 11. Bg2 Bd7 12. Ne5 Qc7 13. O-O-O Bd6 14.
f4 Bxe5 15. dxe5 Nd5 16. Ne2 O-O-O 17. Nd4 Nb6 18. Kb1 c5 19. Nf3 Bc6 20. Qc3 Na4 21. Qc4 b5 22. Qe2 Qa5 23. c3 Qxc3 24. Ng5 Nxb2 25. Qxb2 Qxb2+ 26. Kxb2 Bxg2 27. Nxf7 Bxh1 28.
Nxd8 Rxd8 29. Rxh1 Rd2+ 30. Kb3 a5 31. a3 c4+ 32. Kc3 Rd3+ 33. Kb2 b4 34. axb4 axb4 35.
Rc1 Rd2+ 36. Ka1 c3 37. Rb1 c2 38. Rc1 Rd1 39. Kb2 Rxc1 40. Kxc1 b3 41. h3 h5 42. g4 hxg4 43. h4 g3 44. h5 g2 0-1

[Event "Early-Titled-Tuesday-Blitz-December-26-2023"]
[Site "Chess.com"]
[Date "2023.12.26"]
[Round "10"]
[White "rasmussvane"]
[Black "ahkashefi2800"]
[Result "1-0"]
[WhiteElo "2911"]
[BlackElo "2597"]
[TimeControl "180+1"]
[EndTime "9:56:05 PST"]
[Termination "rasmussvane won by checkmate"]

1. Nf3 Nf6 2. g3 d5 3. Bg2 Bf5 4. O-O c6 5. c4 e6 6. Qb3 Qb6 7. d3 Nbd7 8. cxd5 exd5 9. Qc2 Be7 10. Nc3 O-O 11. e4 dxe4 12. dxe4 Bg6 13. Nh4 Rfe8 14. Be3 Qa6 15. Rad1 Bc5 16. Nxg6 Bxe3 17. e5 Bg5 18. exf6 Nxf6 19. Qf5 h6 20. Nf4 Qb6 21. Ne4 Qxb2 22. Nxg5 hxg5 23. Qxg5 Re5 24. Qh4 Qxa2 25. Rfe1 g5 26.
Qh3 Rxe1+ 27. Rxe1 gxf4 28. Qh4 Qb2 29. Qg5+ Kh8 30.
Qxf4 Qc3 31. Re5 Nh7 32. Be4 Qa1+ 33. Kg2 Rg8 34. Bxh7 Rg7 35. Qf6 Kxh7 36. Rh5+ Kg8 37. Qxa1 Rg6 38. Rh8# 1-0

[Event "Early-Titled-Tuesday-Blitz-December-26-2023"]
[Site "Chess.com"]
[Date "2023.12.26"]
[Round "10"]
[White "viviania"]
[Black "Drags95"]
[Result "1-0"]
[WhiteElo "2892"]
[BlackElo "2798"]
[TimeControl "180+1"]
[EndTime "9:56:08 PST"]
[Termination "viviania won by resignation"]

1. e4 e5 2. Nf3 Nc6 3. Bb5 a6 4. Ba4 Nf6 5. O-O Be7 6. Re1 b5 7. Bb3 O-O 8. c3 d5 9. exd5 Nxd5 10. Nxe5 Nxe5 11. Rxe5 c6 12. d3 Bd6 13. Re1 Bf5 14. Qf3 Qd7 15. Bxd5 cxd5 16. Bf4 Bxf4 17. Qxf4 Bxd3 18. Nd2 d4 19. cxd4 Rad8 20. Nb3 Bc4 21. Nc5 Qxd4 22. Qxd4 Rxd4 23. Nxa6 Rd2 24. b3 Be2 25. Nb4 f5 26. Rac1 f4 27. f3 Rfd8 28. Rc5 Rb2 29. Rd5 Rxd5 30. Nxd5 Bd3 31. Nxf4 Bb1 32.
Re2 Rxa2 33. Rxa2 Bxa2 34. b4 Kf7 35. Kf2 g5 36. Ne2 Bc4 37. Ke3 Ke6 38. Nc3 Ke5 39. g3 h5 40. Ne4 g4 41. f4+ Ke6 42. Kd4 Bf1 43. Nc3 Kf5 44. Kc5 h4 45. Nxb5 Ke4 46.
Nd4 h3 47. f5 Ke5 48. b5 Bd3 49. b6 Be4 50. Nc6+ 1-0

[Event "Early-Titled-Tuesday-Blitz-December-26-2023"]
[Site "Chess.com"]
[Date "2023.12.26"]
[Round "10"]
[White "rachidhuilda"]
[Black "TheFireChess"]
[Result "0-1"]
[WhiteElo "2359"]
[BlackElo "2516"]
[TimeControl "180+1"]
[EndTime "9:56:08 PST"]
[Termination "TheFireChess won by resignation"]

1. d4 f5 2. g3 Nf6 3. Bg2 g6 4.
c4 Bg7 5. Nc3 O-O 6. Nh3 d6 7.
d5 c6 8. Nf4 e5 9. dxe6 g5 10.
Nd3 h6 11. O-O Bxe6 12. Qa4 Nbd7 13. Rd1 Nb6 14. Qc2 Nxc4 15. b3 Nb6 16. Bb2 Qe7 17.
Rac1 Rae8 18. e3 d5 19. Na4 Nxa4 20. bxa4 Ne4 21. Rb1 Bc8 22. Qb3 Nc5 23. Nxc5 Qxc5 24. Bxg7 Kxg7 25. Qb4 Qxb4 26. Rxb4 Rf7 27. Rdb1 Ree7 28.
Bf3 Rc7 29. Rc1 Be6 30. Rb2 Kf6 31. Be2 Ke5 32. Rbc2 Kd6 33. Bd3 f4 34. exf4 gxf4 35. Kg2 fxg3 36. hxg3 c5 37. Rh1 c4 38. Be2 Rf6 39.
Bf3 Kc5 40. Rd1 b6 41. Re2 Rd7 42. Re5 Rd6 43. Be2 a6 44. f4 b5 45. Kf3 Bf7 46. g4 Rfe6 47. Rxe6 Rxe6 48. f5 Re8 49. Rh1 d4 50.
Rxh6 d3 51. Bf1 d2 52. Bg2 d1=Q+ 0-1

[Event "Early-Titled-Tuesday-Blitz-December-26-2023"]
[Site "Chess.com"]
[Date "2023.12.26"]
[Round "10"]
[White "LeoWin2012"]
[Black "Klavdia_Nik"]
[Result "0-1"]
[WhiteElo "2209"]
[BlackElo "2005"]
[TimeControl "180+1"]
[EndTime "9:56:09 PST"]
[Termination "Klavdia_Nik won by checkmate"]

1. e4 c5 2. Nf3 Nc6 3. Bb5 g6 4. O-O Bg7 5. c3 Nf6 6. Re1 O-O 7. d4 cxd4 8. cxd4 d6 9. Nc3 a6 10. Ba4 b5 11. Bb3 Na5 12. Bc2 Nc4 13. b3 Nb6 14. e5 Nfd5 15. Nxd5 Nxd5 16. Be4 Bb7 17. Ng5 Nc3 18.
Qc2 Nxe4 19. Nxe4 Rc8 20. Qd3 dxe5 21. Nc5 Rxc5 22. Bb2 exd4 23. Rad1 e5 24. b4 Rc4 25.
a3 Qd5 26. f3 Bh6 27. Re2 Rfc8 28. Kh1 f5 29. Kg1 e4 30. fxe4 fxe4 31. Qh3 Bg7 32. Kh1 d3 33. Red2 Rc2 34. Qe3 Rxb2 35. Rxb2 Bxb2 36. h3 Be5 37. g3 Bd4 38. Qf4 e3+ 39. Qe4 Qxe4+ 40. Kg1 Qg2# 0-1